 Dungeon Crawl Stone Soup version 0.30-a0-722-g3e6e8c874d (webtiles) character file.

Game seed: 7687510529451414731

3946 demibob the Severer (level 10, -10/115 HPs)
             Began as a Minotaur Berserker on Jan 28, 2023.
             Was an Elder of Trog.
             Mangled by a hornet (12 damage)
             ... while paralysed by a hornet
             ... on level 8 of the Dungeon.
             The game lasted 00:07:34 (7046 turns).

demibob the Severer (Minotaur Berserker)            Turns: 7046, Time: 00:07:34

Health: -10/115    AC:  7    Str: 25    XL:     10   Next: 2%
Magic:  9/9        EV:  2    Int:  6    God:    Trog [****..]
Gold:   419        SH:  0    Dex:  9    Spells: 9/9 levels left

rFire   . . .      SeeInvis .    a - +0 war axe
rCold   . . .      Faith    .    (no shield)
rNeg    . . .      Spirit   .    b - +0 animal skin
rPois   .          Reflect  .    (helmet restricted)
rElec   .          Harm     .    p - +0 cloak
rCorr   .          Rampage  .    A - +0 pair of gloves
Will    .....                    f - +0 pair of boots Stlth
                                 d - amulet of the acrobat
HPRegen 0.39/turn                E - +5 ring of evasion
MPRegen 0.11/turn                (no ring)

@: paralysed, berserking (expiring), lethally poisoned (-10 -> -27), slowed
A: horns 2, retaliatory headbutt
a: Renounce Religion, Berserk, Trog's Hand, Brothers in Arms


You were on level 8 of the Dungeon.
You worshipped Trog.
Trog was greatly pleased with you.
You visited 1 branch of the dungeon, and saw 8 of its levels.

You collected 419 gold pieces.


Innate Abilities, Weirdness & Mutations

You have a pair of horns on your head.
You reflexively headbutt those who attack you in melee.


   Skills:
 - Level 3.6 Fighting
 + Level 15.0 Axes
 + Level 9.1 Armour
 - Level 2.1 Dodging


You had 9 spell levels left.
You didn't know any spells.
Your spell library was empty.

Inventory:

Hand Weapons
 a - a +0 war axe (weapon)
 y - a +1 hand axe
Armour
 b - a +0 animal skin (worn)
 f - a +0 pair of boots (worn)
 p - a +0 cloak (worn)
 A - a +0 pair of gloves (worn)
Jewellery
 c - a ring of ice
 d - an amulet of the acrobat (around neck)
 C - a ring of ice
 E - a +5 ring of evasion (left hand)
Wands
 n - a wand of digging (6)
 o - a wand of flame (23)
 u - a wand of charming (11)
 w - a wand of quicksilver (7)
Scrolls
 j - 2 scrolls of noise
 l - 2 scrolls of teleportation {@r2}
 v - a scroll of enchant weapon
 x - a scroll of fog
Potions
 e - 4 potions of curing {@q1}
 g - 3 potions of brilliance
 h - a potion of degeneration
 i - a potion of lignification
 k - 3 potions of ambrosia {unknown}
 m - 2 potions of magic
 q - a potion of resistance {unknown}
 r - 2 potions of haste {@q3}
 s - a potion of mutation {unknown}
 t - a potion of attraction {unknown}
 z - 2 potions of invisibility

Dungeon Overview and Level Annotations

Branches:
Dungeon (8/15)             Temple (0/1) D:4
   Lair: D:8-11

Altars:

Shops:
D:3 [   D:5 (*: D:6

[
#....####.'............##
#....######.............#
#....#..................#
#....#..................#
#....#.....####+##+###..#
######.....####.##.# #..#
#.....'.....#.# #..#
#.....#####.#.###..#
#....@# #.#.#...<#
#...y.# #...#.######
#.....# #.#>........
#.....# #.#.########
####+## #†#........
#.########. #.# #.# #..


You could see a hornet.


Message History

The hornet is moderately wounded.
You feel sick. The hornet stings you.
* * * LOW HITPOINT WARNING * * *
You feel as though you will be slow longer.
You barely miss the hornet.
The hornet is moderately wounded.
You feel sick. The hornet stings you!
* * * LOW HITPOINT WARNING * * *
You feel as though you will be slow longer.
The hornet misses you.
You miss the hornet. Your headbutt misses the hornet.
The hornet is moderately wounded.
You feel sick. The hornet barely misses you.
You completely miss the hornet.
You headbutt the hornet, but do no damage.
The hornet is moderately wounded.
You feel sick. The hornet stings you!
* * * LOW HITPOINT WARNING * * *
You are more poisoned.
You feel as though you will be slow longer.
You slash the hornet! Your headbutt misses the hornet.
The hornet is severely wounded.
You feel sick. The hornet stings you!
* * * LOW HITPOINT WARNING * * *
You are more poisoned.
You suddenly lose the ability to move!
* * * LOW HITPOINT WARNING * * *
You feel very sick. The hornet stings you!
You die...

Skill      XL: |  1  2  3  4  5  6  7  8  9 |
---------------+----------------------------+-----
Axes           | 4 7 8 9 11 13 15 | 15.0
Armour         | 4 9 |  9.1
Fighting       | |  3.6
Dodging        | |  2.1

Action                     |  1- 3 |  4- 6 |  7- 9 | 10-12 || total
---------------------------+-------+-------+-------+-------++-------
  Melee: Hand axe          |    30 |    95 |   224 |       ||   349
         Headbutt          |     1 |     9 |    44 |     1 ||    55
         Punch             |     1 |     1 |     6 |       ||     8
         War axe           |       |       |    52 |     7 ||    59
 Invoke: Berserk           |     1 |       |     4 |     1 ||     6
    Use: Scroll            |     4 |     3 |     9 |       ||    16
         Potion            |       |       |     2 |       ||     2
 Armour: Animal skin       |     2 |     9 |    26 |     2 ||    39
  Dodge: Dodged            |    23 |    50 |   135 |     5 ||   213

Levels and vault maps discovered:
D:1:      lightli_iron_boxes, layout_basic, serial_rivers,
          chequers_serial_rivers_room_a, chequers_serial_rivers_micro_a,
          chequers_serial_rivers_micro_b, chequers_serial_rivers_large_b
D:2:      layout_basic, hellmonk_ecumenical_altar_blasted, uniq_sigmund
D:3:      layout_rooms, serial_shops, shop
D:4:      layout_gridville, minmay_temple_entry_large_hall, uniq_edmund,
          uniq_grinder
D:5:      layout_basic, serial_shops, nicolae_shop_bloodbath_and_beyond,
          nicolae_shop_fire_sale [nicolae_sub_dead_trees],
          nicolae_shop_i_like_big_books
D:6:      layout_basic, hex_large, nicolae_stop_n_shop_1, uniq_menkaure
D:7:      layout_gridville, glass_columns_a
D:8:      layout_basic, dpeg_oklobed_lair, minmay_misc_feat_cross,
          uniq_prince_ribbit1, uniq_pikel

Notes
Turn   | Place    | Note
-------+----------+-------------------------------------------
     0 | D:1      | demibob the Minotaur Berserker began the quest for the Orb.
     0 | D:1      | Reached XP level 1. HP: 19/19 MP: 0/0
   140 | D:1      | Reached skill level 4 in Axes
   229 | D:1      | Reached XP level 2. HP: 26/26 MP: 1/1
  1076 | D:2      | Found a faded altar of an unknown god.
  1078 | D:2      | Noticed Sigmund
  1089 | D:2      | Killed Sigmund
  1090 | D:2      | Reached skill level 7 in Axes
  1090 | D:2      | Reached XP level 3. HP: 31/31 MP: 2/2
  1090 | D:2      | Reached XP level 4. HP: 39/39 MP: 3/3
  1090 | D:2      | Reached XP level 5. HP: 45/45 MP: 4/4
  1522 | D:2      | Reached ** piety under Trog
  2017 | D:3      | Reached skill level 8 in Axes
  2082 | D:3      | Found Icor's Antique Armour Shoppe.
  2090 | D:3      | Reached XP level 6. HP: 46/51 MP: 5/5
  2292 | D:4      | Noticed Grinder
  2304 | D:4      | Killed Grinder
  2305 | D:4      | Reached skill level 9 in Axes
  2442 | D:4      | Found a staircase to the Ecumenical Temple.
  2749 | D:4      | Reached XP level 7. HP: 53/57 MP: 6/6
  2919 | D:4      | Reached skill level 10 in Axes
  3314 | D:4      | Reached skill level 11 in Axes
  3328 | D:4      | Noticed Edmund
  3338 | D:4      | Killed Edmund
  3458 | D:5      | Entered Level 5 of the Dungeon
  3503 | D:5      | Reached *** piety under Trog
  3510 | D:5      | Reached XP level 8. HP: 55/64 MP: 7/7
  3514 | D:5      | Found Qovouc's Fire Supplies.
  3616 | D:5      | Reached skill level 12 in Axes
  4029 | D:5      | Found Piyder's Tremendous Tomes.
  4171 | D:5      | Found Areca's Weapon Emporium.
  4216 | D:5      | Reached skill level 13 in Axes
  4747 | D:6      | Found Otiul's Antique Armour Shop.
  4795 | D:6      | Reached skill level 3 in Armour
  4970 | D:6      | Noticed Menkaure
  4974 | D:6      | Killed Menkaure
  4975 | D:6      | Reached skill level 4 in Armour
  5201 | D:6      | Reached XP level 9. HP: 69/70 MP: 8/8
  5290 | D:6      | Reached **** piety under Trog
  5400 | D:6      | Reached skill level 5 in Armour
  5833 | D:7      | Reached skill level 14 in Axes
  5997 | D:7      | Reached skill level 6 in Armour
  6091 | D:7      | Reached skill level 7 in Armour
  6813 | D:8      | Noticed a deep elf pyromancer
  6822 | D:8      | Killed a deep elf pyromancer
  6823 | D:8      | Reached skill level 8 in Armour
  6888 | D:8      | Reached skill level 9 in Armour
  6917 | D:8      | Noticed Prince Ribbit
  6925 | D:8      | Killed Prince Ribbit
  6926 | D:8      | Reached skill level 15 in Axes
  6926 | D:8      | Reached XP level 10. HP: 46/77 MP: 9/9
  7035 | D:8      | Paralysed by a hornet for 3 turns
  7045 | D:8      | HP: 7/115 [hornet (11)]
  7045 | D:8      | Paralysed by a hornet for 2 turns
  7046 | D:8      | HP: 2/115 [poisoned by a hornet]
  7046 | D:8      | Mangled by a hornet

Vanquished Creatures
  A deep elf pyromancer (D:8)
  A hornet (D:8)
  Grinder (D:4)
  Prince Ribbit (D:8)
  Sigmund (D:2)
  A steam dragon (D:7)
  Menkaure (D:6)
  Edmund (D:4)
  2 water moccasins (D:5)
  2 sky beasts
  An orc warrior (D:7)
  3 ice beasts
  2 ogres (D:7)
  A phantom (D:4)
  A kobold brigand (D:6)
  2 bullfrogs (D:7)
  2 scorpions
  3 necrophages
  2 howler monkeys
  5 jellies
  4 orc priests
  10 orc wizards
  4 iguanas
  3 gnolls (D:5)
  6 adders
  A shadow imp (D:4)
  A white imp (D:8)
  2 worms (D:3)
  A dart slug (D:2)
  31 orcs
  7 ball pythons
  7 bats
  6 endoplasms
  2 giant cockroaches (D:2)
  7 goblins
  4 hobgoblins
  4 jackals
  2 quokkas
  2 frilled lizards
  7 kobolds
  6 rats
151 creatures vanquished.

Table legend: (Time is in decaauts)
 A = Elapsed time spent in this place.
 B = Non-inter-level travel time spent in this place.
 C = Inter-level travel time spent in this place.
 D = Time resting spent in this place.
 E = Time spent auto-exploring this place.
 F = Levels seen in this place.
 G = Mean time per level.
                   A        B        C        D        E       F      G
               +--------+--------+--------+--------+--------+-----+--------+
         Total |   7014 |   6907 |    107 |    508 |   5507 |   8 |  876.8 |
       Dungeon |   7014 |   6907 |    107 |    508 |   5507 |   8 |  876.8 |
               +--------+--------+--------+--------+--------+-----+--------+

Top non-repeatable levels by time:
     D:5: 1274 daAuts
     D:4: 1175 daAuts
     D:1: 1051 daAuts
     D:6: 987 daAuts
     D:7: 910 daAuts
     D:2: 722 daAuts
     D:3: 538 daAuts
     D:8: 354 daAuts

Table legend:
 A = Non-vault XP
 B = Vault XP
 C = Vault XP percentage of total XP
 D = Non-vault monster count
 E = Vault monster count
 F = Vault count percentage of total count
                 A         B        C        D         E       F
            +---------+---------+-------+---------+---------+-------
      Total |    4567 |    1071 |  19.0 |     146 |       5 |   3.3
            +---------+---------+-------+---------+---------+-------
        D:1 |      26 |       0 |   0.0 |      17 |       0 |   0.0
        D:2 |      26 |     243 |  90.3 |      16 |       1 |   5.9
        D:3 |     118 |       0 |   0.0 |      20 |       0 |   0.0
        D:4 |     529 |     408 |  43.5 |      20 |       2 |   9.1
        D:5 |     789 |       0 |   0.0 |      24 |       0 |   0.0
        D:6 |     781 |     169 |  17.8 |      19 |       1 |   5.0
        D:7 |    1204 |       0 |   0.0 |      21 |       0 |   0.0
        D:8 |    1094 |     251 |  18.7 |       9 |       1 |  10.0
            +---------+---------+-------+---------+---------+-------
